 Dungeon Crawl Stone Soup version 0.23-a0-32-g1388f29e54 (webtiles) character file.

19115 Ablot the Thaumaturge (level 12, 0/94 HPs)
             Began as a Gnoll Skald on Aug 4, 2018.
             Was the Champion of Cheibriados.
             Slain by a four-headed hydra (2 damage)
             ... on level 12 of the Dungeon.
             The game lasted 00:50:31 (10441 turns).

Ablot the Thaumaturge (Gnoll Skald)                Turns: 10441, Time: 00:50:32

Health: 0/94       AC: 13    Str: 30    XL:     12   Next: 65%
Magic:  17/25      EV: 23    Int: 33    God:    Cheibriados [******]
Gold:   590        SH:  9    Dex: 39    Spells: 15/29 levels left

rFire    . . .     SeeInvis .   S - +5 demon trident
rCold    + . .     Gourm    .   J - +0 buckler
rNeg     . . .     Faith    .   P - +3 ring mail of the Iron City of Dis {rC+ MR+ Slay+2}
rPois    +         Spirit   .   (no helmet)
rElec    +         Reflect  .   (no cloak)
rCorr    .         Harm     .   (no gloves)
MR       .....                  p - +0 pair of boots
Stlth    ++++......             c - amulet of regeneration
HPRegen  1.65/turn              j - +2 ring of intelligence
MPRegen  0.19/turn              y - ring "Summ" {rElec rPois MR- AC+2 Dex+6}

@: lethally poisoned (0 -> 0), regenerating, very slow
A: distributed training, fangs 1, strong nose
a: Bend Time, Temporal Distortion, Slouch, Step From Time, Renounce Religion


You were on level 12 of the Dungeon.
You worshipped Cheibriados.
Cheibriados was exalted by your worship.
You were not hungry.

You visited 2 branches of the dungeon, and saw 13 of its levels.
You also visited: Sewer.

You collected 590 gold pieces.

Inventory:

Hand Weapons
 k - a +1 blowgun
 l - a +2 hunting sling of flaming
 m - a +4 dire flail of holy wrath
 o - a +4 dagger
 S - a +5 demon trident (weapon)
Missiles
 q - 105 sling bullets
 u - 4 throwing nets (quivered)
 w - 26 poisoned needles
 E - 365 stones
 I - 100 arrows
Armour
 p - a +0 pair of boots (worn)
 J - a +0 buckler (worn)
 P - the +3 ring mail of the Iron City of Dis (worn) {rC+ MR+ Slay+2}
   (You took it off a gnoll sergeant on level 9 of the Dungeon)

   It affects your accuracy and damage with ranged weapons and melee attacks
   (+2).
   It protects you from cold.
   It affects your resistance to hostile enchantments.
Magical Staves
 W - an uncursed staff of air
Jewellery
 c - an amulet of regeneration (around neck)
 j - a +2 ring of intelligence (left hand)
 y - the ring "Summ" (right hand) {rElec rPois MR- AC+2 Dex+6}
   (You found it on level 4 of the Dungeon)

   [ring of protection]

   It affects your AC (+2).
   It affects your dexterity (+6).
   It insulates you from electricity.
   It protects you from poison.
   It affects your resistance to hostile enchantments.
 F - an uncursed ring of positive energy
 K - an uncursed amulet of the gourmand
Wands
 b - a wand of flame (24)
 n - a wand of paralysis (26)
 v - a wand of enslavement (11)
 L - a wand of clouds (3)
 Q - a wand of iceblast (20)
 X - a wand of disintegration (14)
 Y - a wand of digging (11)
Scrolls
 g - 3 scrolls of remove curse
 h - 4 scrolls of fear
 i - a scroll of vulnerability {unknown}
 r - 2 scrolls of blinking {unknown}
 s - 5 scrolls of enchant weapon
 t - 2 scrolls of magic mapping {unknown}
 x - 7 scrolls of teleportation
 C - 3 scrolls of immolation {unknown}
 D - 3 scrolls of fog {unknown}
 G - 3 scrolls of enchant armour {unknown}
 H - 6 scrolls of random uselessness {unknown}
 M - a scroll of amnesia {unknown}
 N - 3 scrolls of identify
 V - 2 scrolls of noise {unknown}
Potions
 a - 2 potions of flight
 e - 2 potions of resistance
 f - 3 potions of magic
 z - 6 potions of curing
 A - 2 potions of might
 B - 3 potions of heal wounds
 O - a potion of agility
 R - 2 potions of mutation {unknown}
 T - a potion of ambrosia {unknown}
 U - a potion of lignification
Comestibles
 d - 23 rations
 Z - 4 chunks of flesh


   Skills:
 + Level 8.8 Fighting
 + Level 8.8 Short Blades
 + Level 7.3 Long Blades
 + Level 7.3 Axes
 + Level 7.3 Maces & Flails
 + Level 7.3 Polearms
 + Level 7.3 Staves
 + Level 7.3 Slings
 + Level 7.3 Bows
 + Level 7.3 Crossbows
 + Level 7.3 Throwing
 + Level 7.9 Armour
 + Level 8.8 Dodging
 + Level 7.3 Stealth
 + Level 7.3 Shields
 + Level 7.3 Unarmed Combat
 + Level 9.0 Spellcasting
 + Level 6.1 Conjurations
 + Level 6.1 Hexes
 + Level 8.3 Charms
 + Level 6.1 Summonings
 + Level 6.1 Necromancy
 + Level 6.1 Translocations
 + Level 6.1 Transmutations
 + Level 6.1 Fire Magic
 + Level 6.1 Ice Magic
 + Level 6.1 Air Magic
 + Level 6.1 Earth Magic
 + Level 6.1 Poison Magic
 + Level 8.1 Invocations
 + Level 7.3 Evocations


You had 15 spell levels left.
You knew the following spells:

 Your Spells              Type           Power        Failure   Level  Hunger
a - Infusion              Chrm           ####         1%          1    None
b - Song of Slaying       Chrm           ######..     1%          2    None
c - Shroud of Golubria    Chrm/Tloc      ######....   1%          2    None
d - Regeneration          Chrm/Necr      ######....   1%          3    None
e - Spectral Weapon       Hex/Chrm       ######..     1%          3    None
f - Vampiric Draining     Necr           ######....   1%          3    None

Your spell library contained the following spells:

 Spells                   Type           Power        Failure   Level  Hunger
 Summon Small Mammal      Summ           ####         1%          1    None
 Animate Dead             Necr           N/A          3%          4    None
 Pain                     Necr           ####         1%          1    None
 Animate Skeleton         Necr           N/A          1%          1    None
 Summon Ice Beast         Ice/Summ       ######..     3%          4    None
 Call Imp                 Summ           ######..     1%          2    None
 Spider Form              Tmut/Pois      ######....   1%          3    None
 Blade Hands              Tmut           ######....   10%         5    ###....
 Ice Form                 Ice/Tmut       ######..     3%          4    None
 Sticks to Snakes         Tmut           ######..     1%          2    None
 Call Canine Familiar     Summ           ######..     1%          3    None
 Beastly Appendage        Tmut           ######       1%          1    None
 Summon Lightning Spire   Summ/Air       ######..     3%          4    None
 Summon Guardian Golem    Hex/Summ       ######..     1%          3    None


Dungeon Overview and Level Annotations

Branches:
Dungeon (12/15)            Temple (1/1) D:6            Lair (0/6) D:9
    Orc (0/2) D:9

Altars:
Ashenzari
Cheibriados
Fedhas
Makhleb
Nemelex Xobeh
Okawaru
Xom
Yredelemnul
The Shining One

Shops:
D:6 (

Annotations:
D:12 3 runed doors, Fandomethor's ghost, journeyman GrFi; Nessos


Innate Abilities, Weirdness & Mutations

Your experience applies equally to all skills.
You have very sharp teeth.
Your uncanny sense of smell can sniff out nearby items.


Message History

* * * LOW HITPOINT WARNING * * *
The orc closely misses you.
Okay, then.
Casting: Regeneration (safe; 1% risk of failure)
Confirm with . or Enter, or press ? or * to list all spells.
You draw out your weapon's spirit!
You feel sick.
Nessos blinks!
The orc closely misses you.
Nessos shoots an arrow.
The arrow hits your spectral weapon!!
Your spectral weapon shares its damage with you!
The arrow burns your spectral weapon.
Your spectral weapon shares its damage with you!
Your spectral weapon fades away.
* * * LOW HITPOINT WARNING * * *
Casting: Spectral Weapon (safe; 1% risk of failure)
Confirm with . or Enter, or press ? or * to list all spells.
You draw out your weapon's spirit!
You feel sick.
Nessos blinks! x2
You block the four-headed hydra's attack. x2
The four-headed hydra completely misses you.
The four-headed hydra bites you.
You die...

#.# #.# #.#
#####.#####################
...........................
................o..(.......
###..###########oo()...(...
#..# #D########## #..# #@#
#..# #(# #.[# #.# #..# #.#
#..# #.# ###..######### #.#
.............. .§§
.............. c.§
##############


You could see Nessos, a four-headed hydra, an orc warrior, 2 orcs and a friendly
spectral enchanted demon trident.

Vanquished Creatures
  A two-headed ogre (D:9)
  Nergalle (D:12)
  2 deep elf magi (D:10)
  An ugly thing (D:11)
  2 cyclopes (D:11)
  A manticore (D:12)
  A centaur zombie (D:10)
  4 orange demons (D:10)
  The ghost of wisprabbit the Conjurer, a novice DrCj of Vehumet (D:7)
  A red devil (D:10)
  Prince Ribbit (D:9)
  3 trolls
  5 hippogriffs
  2 wraiths
  18 yaks
  3 hungry ghosts
  Edmund (D:5)
  A soldier ant (D:12)
  An acid dragon (D:11)
  3 porcupines
  5 orc warriors
  4 ice beasts
  2 black bears
  A hornet zombie (D:7)
  2 sky beasts
  10 ogres
  2 phantoms
  An eye of draining (D:8)
  4 centaurs
  2 crocodiles (D:9)
  6 big kobolds
  6 bullfrogs
  5 gnoll sergeants
  A wyvern zombie (D:10)
  6 scorpions
  8 wights
  8 killer bees
  5 electric eels (D:6)
  7 howler monkeys
  5 crimson imps
  6 jellies
  A quasit (D:10)
  A bullfrog zombie (D:10)
  4 hounds
  3 bullfrog skeletons
  5 orc priests
  A gnoll shaman (D:7)
  6 orc wizards
  3 centaur skeletons
  3 iguanas
  8 worker ants
  A killer bee zombie (D:8)
  2 hound zombies
  A hound skeleton (D:8)
  A howler monkey zombie (D:5)
  5 worker ant zombies
  18 adders
  10 gnolls
  3 river rats (Sewer)
  5 shadow imps
  A white imp (D:4)
  5 oozes
  3 adder skeletons
  A dart slug (D:1)
  5 worms
  10 leopard geckos
  44 orcs
  10 bats
  4 giant cockroaches
  7 goblins
  9 hobgoblins
  13 jackals
  22 kobolds
  10 quokkas
  A ball python (Sewer)
  5 frilled lizards
  A jackal skeleton (D:6)
  11 rats
  3 plants (D:6)
395 creatures vanquished.

Vanquished Creatures (others)
  A jackal skeleton (D:6)
  2 bushes (D:9)
  7 fungi (D:9)
  22 plants
  9 spectral weapons
41 creatures vanquished.

Grand Total: 436 creatures vanquished

Notes
Turn   | Place    | Note
-------+----------+-------------------------------------------
     0 | D:1      | Ablot the Gnoll Skald began the quest for the Orb.
     0 | D:1      | Reached XP level 1. HP: 20/20 MP: 6/6
   282 | D:1      | Reached XP level 2. HP: 25/26 MP: 7/7
   286 | D:1      | Learned a level 2 spell: Song of Slaying
   298 | D:1      | Learned a level 2 spell: Shroud of Golubria
   585 | D:1      | Reached XP level 3. HP: 28/31 MP: 9/9
   589 | D:1      | Reached skill level 5 in Spellcasting
   725 | D:1      | Learned a level 3 spell: Regeneration
   729 | D:1      | Learned a level 3 spell: Spectral Weapon
  1095 | D:1      | Found a glowing golden altar of the Shining One.
  1192 | D:2      | Reached skill level 1 in Invocations
  1271 | D:2      | Reached skill level 1 in Long Blades
  1271 | D:2      | Reached skill level 1 in Axes
  1271 | D:2      | Reached skill level 1 in Maces & Flails
  1271 | D:2      | Reached skill level 1 in Polearms
  1271 | D:2      | Reached skill level 1 in Staves
  1271 | D:2      | Reached skill level 1 in Slings
  1271 | D:2      | Reached skill level 1 in Bows
  1271 | D:2      | Reached skill level 1 in Crossbows
  1271 | D:2      | Reached skill level 1 in Throwing
  1271 | D:2      | Reached skill level 1 in Stealth
  1271 | D:2      | Reached skill level 1 in Shields
  1271 | D:2      | Reached skill level 1 in Unarmed Combat
  1271 | D:2      | Reached skill level 1 in Evocations
  1382 | D:2      | Reached XP level 4. HP: 38/38 MP: 11/11
  1942 | D:3      | Reached skill level 1 in Conjurations
  1942 | D:3      | Reached skill level 1 in Hexes
  1942 | D:3      | Reached skill level 1 in Summonings
  1942 | D:3      | Reached skill level 1 in Necromancy
  1942 | D:3      | Reached skill level 1 in Translocations
  1942 | D:3      | Reached skill level 1 in Transmutations
  1942 | D:3      | Reached skill level 1 in Fire Magic
  1942 | D:3      | Reached skill level 1 in Ice Magic
  1942 | D:3      | Reached skill level 1 in Air Magic
  1942 | D:3      | Reached skill level 1 in Earth Magic
  1942 | D:3      | Reached skill level 1 in Poison Magic
  1954 | D:3      | Reached XP level 5. HP: 21/43 MP: 0/12
  2692 | D:4      | Got a faintly glowing golden ring
  2698 | D:4      | Identified the ring "Summ" {rElec rPois MR- AC+2 Dex+6} (You found it on level 4 of the Dungeon)
  2846 | D:4      | Noticed an ogre
  2853 | D:4      | Killed an ogre
  2853 | D:4      | Reached XP level 6. HP: 32/50 MP: 14/14
  2957 | D:4      | Reached skill level 5 in Fighting
  2957 | D:4      | Reached skill level 5 in Short Blades
  2957 | D:4      | Reached skill level 5 in Dodging
  3517 | D:5      | Entered Level 5 of the Dungeon
  3547 | D:5      | Found a glowing drain.
  3589 | Sewer    | Entered a sewer
  3866 | Sewer    | Reached XP level 7. HP: 56/56 MP: 8/15
  4370 | D:5      | Noticed Edmund
  4383 | D:5      | Killed Edmund
  4487 | D:5      | Found a shattered altar of Ashenzari.
  4650 | D:6      | Reached XP level 8. HP: 63/63 MP: 16/16
  4734 | D:6      | Reached skill level 6 in Spellcasting
  4808 | D:6      | Found a staircase to the Ecumenical Temple.
  4828 | Temple   | Entered the Ecumenical Temple
  4837 | Temple   | Became a worshipper of Cheibriados the Contemplative
  4930 | D:6      | Found Wurakhlof's Weapon Shoppe.
  5415 | D:6      | Reached XP level 9. HP: 68/69 MP: 18/18
  5536 | D:7      | Noticed wisprabbit's ghost (novice DrCj)
  5539 | D:7      | Reached * piety under Cheibriados
  5637 | D:7      | Reached skill level 5 in Armour
  5646 | D:7      | Reached ** piety under Cheibriados
  5732 | D:7      | Found a runed gate.
  5732 | D:7      | Found a runed gate.
  5794 | D:7      | Found a runed gate.
  6053 | D:7      | Got a translucent falchion
  6054 | D:7      | Identified the cursed +0 falchion of Budymmon {slice, *Contam Str+4 Int+5} (You found it on level 7 of the Dungeon)
  6344 | D:7      | Killed wisprabbit's ghost
  6344 | D:7      | Reached skill level 5 in Invocations
  6401 | D:8      | Reached *** piety under Cheibriados
  6408 | D:8      | Reached XP level 10. HP: 77/77 MP: 8/20
  6449 | D:8      | Reached skill level 7 in Spellcasting
  6713 | D:8      | Reached skill level 5 in Long Blades
  6713 | D:8      | Reached skill level 5 in Axes
  6713 | D:8      | Reached skill level 5 in Maces & Flails
  6713 | D:8      | Reached skill level 5 in Polearms
  6713 | D:8      | Reached skill level 5 in Staves
  6713 | D:8      | Reached skill level 5 in Slings
  6713 | D:8      | Reached skill level 5 in Bows
  6713 | D:8      | Reached skill level 5 in Crossbows
  6713 | D:8      | Reached skill level 5 in Throwing
  6713 | D:8      | Reached skill level 5 in Stealth
  6713 | D:8      | Reached skill level 5 in Shields
  6713 | D:8      | Reached skill level 5 in Unarmed Combat
  6713 | D:8      | Reached skill level 5 in Evocations
  6714 | D:8      | Reached **** piety under Cheibriados
  7435 | D:9      | Noticed Prince Ribbit
  7442 | D:9      | Reached ***** piety under Cheibriados
  7454 | D:9      | Killed Prince Ribbit
  7465 | D:9      | Got a heavily runed ring mail
  7505 | D:9      | Identified the +3 ring mail of the Iron City of Dis {rC+ MR+ Slay+2} (You took it off a gnoll sergeant on level 9 of the Dungeon)
  7539 | D:9      | Noticed a two-headed ogre
  7545 | D:9      | Killed a two-headed ogre
  7548 | D:9      | Reached XP level 11. HP: 84/84 MP: 13/22
  7629 | D:9      | Found a staircase to the Lair.
  7664 | D:9      | Reached skill level 5 in Conjurations
  7664 | D:9      | Reached skill level 5 in Hexes
  7664 | D:9      | Reached skill level 5 in Summonings
  7664 | D:9      | Reached skill level 5 in Necromancy
  7664 | D:9      | Reached skill level 5 in Translocations
  7664 | D:9      | Reached skill level 5 in Transmutations
  7664 | D:9      | Reached skill level 5 in Fire Magic
  7664 | D:9      | Reached skill level 5 in Ice Magic
  7664 | D:9      | Reached skill level 5 in Air Magic
  7664 | D:9      | Reached skill level 5 in Earth Magic
  7664 | D:9      | Reached skill level 5 in Poison Magic
  7726 | D:9      | Found a staircase to the Orcish Mines.
  7849 | D:9      | Reached skill level 8 in Spellcasting
  8223 | D:10     | Entered Level 10 of the Dungeon
  8436 | D:10     | Got a faintly humming ring mail
  8447 | D:10     | Identified the cursed +1 ring mail "Tusoi" {-Tele rN++ rCorr Dex+3} (You found it on level 10 of the Dungeon)
  8515 | D:10     | Reached ****** piety under Cheibriados
  8597 | D:10     | Learned a level 3 spell: Vampiric Draining
  8762 | D:10     | Noticed a deep elf mage
  8771 | D:10     | Killed a deep elf mage
  9101 | D:10     | Reached XP level 12. HP: 84/93 MP: 24/24
 10204 | D:12     | Found a runed gate.
 10204 | D:12     | Found a runed gate.
 10204 | D:12     | Found a runed gate.
 10216 | D:12     | Noticed Fandomethor's ghost (journeyman GrFi)
 10406 | D:12     | Reached skill level 9 in Spellcasting
 10420 | D:12     | Noticed Nergalle
 10421 | D:12     | Noticed Nessos
 10429 | D:12     | Noticed a four-headed hydra
 10430 | D:12     | Killed Nergalle
 10440 | D:12     | HP: 1/94 [Nessos/uncursed longbow of flaming (13)]
 10441 | D:12     | Slain by a four-headed hydra

Vault maps used:
D:1:      dpeg_arrival_lava_temple_mockup, tso_altar
D:3:      first_ration
D:4:      minmay_fire_ice_demons
D:5:      ashenzari_altar_1, portal_sewer_entry_d, uniq_edmund
D:6:      minmay_temple_entry_overgrown, serial_shops, shop, serial_bayou,
          serial_bayou_ford_a, serial_bayou_pond_e, serial_bayou_pond_b,
          serial_bayou_lagoon_a
D:7:      gammafunk_ghost_split
D:9:      minmay_lair_entry_grove, kennysheep_orc_monster_closet_entryway,
          uniq_prince_ribbit1
D:10:     minmay_diamond_stairs, minmay_beelzebubs_servants
D:12:     serial_shops, shop, gammafunk_ghost_spectres, uniq_nessos,
          uniq_nergalle
Temple:   compressed_dpeg_circular_temple
Sewer:    sewer_co_15_rooms

Skill      XL: |  1  2  3  4  5  6  7  8  9 10 11 12 |
---------------+-------------------------------------+-----
Spellcasting   | 5 6 7 8 9 |  9.0
Invocations    | 1 2 3 4 5 6 7 8 |  8.1
Long Blades    | 1 2 3 4 5 6 7 |  7.3
Axes           | 1 2 3 4 5 6 7 |  7.3
Maces & Flails | 1 2 3 4 5 6 7 |  7.3
Polearms       | 1 2 3 4 5 6 7 |  7.3
Staves         | 1 2 3 4 5 6 7 |  7.3
Slings         | 1 2 3 4 5 6 7 |  7.3
Bows           | 1 2 3 4 5 6 7 |  7.3
Crossbows      | 1 2 3 4 5 6 7 |  7.3
Throwing       | 1 2 3 4 5 6 7 |  7.3
Stealth        | 1 2 3 4 5 6 7 |  7.3
Shields        | 1 2 3 4 5 6 7 |  7.3
Unarmed Combat | 1 2 3 4 5 6 7 |  7.3
Evocations     | 1 2 3 4 5 6 7 |  7.3
Conjurations   | 1 2 3 4 5 6 |  6.1
Hexes          | 1 2 3 4 5 6 |  6.1
Summonings     | 1 2 3 4 5 6 |  6.1
Necromancy     | 1 2 3 4 5 6 |  6.1
Translocations | 1 2 3 4 5 6 |  6.1
Transmutations | 1 2 3 4 5 6 |  6.1
Fire Magic     | 1 2 3 4 5 6 |  6.1
Ice Magic      | 1 2 3 4 5 6 |  6.1
Air Magic      | 1 2 3 4 5 6 |  6.1
Earth Magic    | 1 2 3 4 5 6 |  6.1
Poison Magic   | 1 2 3 4 5 6 |  6.1
Armour         | 3 4 5 6 7 |  7.9
Fighting       | 5 6 7 8 |  8.8
Short Blades   | 5 6 7 8 |  8.8
Dodging        | 5 6 7 8 |  8.8
Charms         | 6 7 8 |  8.3

Action                   |  1- 3 |  4- 6 |  7- 9 | 10-12 || total
-------------------------+-------+-------+-------+-------++-------
Melee: Short sword       |   148 |   310 |    51 |       ||   509
       Bite              |    12 |    44 |    30 |    89 ||   175
       Punch             |     2 |     6 |     1 |       ||     9
       Dire flail        |       |       |   215 |    90 ||   305
       Morningstar       |       |       |       |   143 ||   143
       Trident           |       |       |       |    64 ||    64
       Demon trident     |       |       |       |   165 ||   165
 Fire: Hunting sling     |       |    22 |    92 |    23 ||   137
 Cast: Regeneration      |     1 |     3 |     7 |     8 ||    19
       Spectral Weapon   |       |     4 |    13 |    30 ||    47
       Song of Slaying   |       |     2 |     1 |     8 ||    11
       Infusion          |       |     3 |     4 |     6 ||    13
       Shroud of Golubri |       |     2 |     8 |    12 ||    22
  Use: Scroll            |       |     4 |     6 |     3 ||    13
       Potion            |       |       |     7 |       ||     7
 Stab: Sleeping          |       |     2 |     4 |    18 ||    24
       Distracted        |       |     1 |     1 |     7 ||     9
  Eat: Chunk             |     2 |    15 |     5 |     9 ||    31
Armor: Leather armour    |    47 |    74 |    44 |    23 ||   188
       Ring mail         |       |       |       |    58 ||    58
Dodge: Dodged            |   110 |   255 |   239 |   366 ||   970
Block: Buckler           |       |       |       |   168 ||   168

Table legend:
 A = Spawn XP
 B = Non-spawn XP
 C = Spawn XP percentage of total XP
 D = Spawn monster count
 E = Non-spawn monster count
 F = Spawn count percentage of total count
 G = Total turns spent on level
                    A         B        C        D         E        F      G
               +---------+---------+-------+---------+---------+-------+---------
         Total |       0 |   27308 |   0.0 |       0 |     392 |   0.0 | 10441
               +---------+---------+-------+---------+---------+-------+---------
           D:1 |       0 |      52 |   0.0 |       0 |      29 |   0.0 |  1146
           D:2 |       0 |      75 |   0.0 |       0 |      20 |   0.0 |   787
           D:3 |       0 |     125 |   0.0 |       0 |      29 |   0.0 |   710
           D:4 |       0 |     313 |   0.0 |       0 |      15 |   0.0 |   874
           D:5 |       0 |     345 |   0.0 |       0 |      11 |   0.0 |   484
           D:6 |       0 |    1194 |   0.0 |       0 |      26 |   0.0 |   862
           D:7 |       0 |    2031 |   0.0 |       0 |      42 |   0.0 |   861
           D:8 |       0 |    2151 |   0.0 |       0 |      48 |   0.0 |   882
           D:9 |       0 |    6645 |   0.0 |       0 |      72 |   0.0 |   961
          D:10 |       0 |    6188 |   0.0 |       0 |      35 |   0.0 |  1070
          D:11 |       0 |    5474 |   0.0 |       0 |      37 |   0.0 |   854
          D:12 |       0 |    2433 |   0.0 |       0 |       9 |   0.0 |   294
         Sewer |       0 |     282 |   0.0 |       0 |      19 |   0.0 |   636
               +---------+---------+-------+---------+---------+-------+---------
